 Dungeon Sprint DCSS version 0.30-a0-359-gd0147acb1a (webtiles) character file.

Game seed: 11594502633513997001

61 rocky1 the Shield-Bearer (level 4, -3/39 HPs)
             Began as a Formicid Fighter on Nov 12, 2022.
             Drowned by a water elemental (8 damage)
             ... in the Dungeon (Sprint III: "The Ten Rune Challenge").
             The game lasted 00:00:59 (413 turns).

rocky1 the Shield-Bearer (Formicid Fighter)          Turns: 413, Time: 00:01:00

Health: -3/39      AC:  7    Str: 23    XL:     4   Next: 27%
Magic:  4/4        EV:  9    Int:  7    God:
Gold:   22         SH:  5    Dex: 13    Spells: 3/3 levels left

rFire   . . .      SeeInvis +    a - +0 flail
rCold   . . .      Faith    .    c - +0 buckler
rNeg    . . .      Spirit   .    b - +0 scale mail
rPois   .          Reflect  .    (helmet unavailable)
rElec   .          Harm     .    (no cloak)
rCorr   .          Rampage  .    (no gloves)
Will    .....                    (no boots)
Stlth   ..........               (no amulet)
HPRegen 0.26/turn                (no ring)
MPRegen 0.09/turn                (no ring)

@: mighty, engulfed (cannot breathe)
A: permanent stasis, dig shafts and tunnels, antennae 3, four strong arms
a: Dig


You were in the Dungeon.
You visited 1 branch You collected 22 gold pieces.

Inventory:

Hand Weapons
 a - a +0 flail (weapon)
Armour
 b - a +0 scale mail (worn)
 c - a +0 buckler (worn)
Scrolls
 i - 3 scrolls of identify {unknown}
 j - a scroll of poison {unknown}
 l - a scroll of torment {unknown}
Potions
 e - a potion of curing
 f - 3 potions of heal wounds
 g - 2 potions of magic
 h - 5 potions of mutation {unknown}
 k - 3 potions of flight


   Skills:
 + Level 5.3 Fighting
 + Level 3.4 Maces & Flails
 + Level 5.7 Armour
 + Level 0.1 Dodging
 + Level 6.4 Shields


You had 3 spell levels left.
You didn't know any spells.
Your spell library was empty.

Dungeon Overview and Level Annotations

Branches:
Dungeon (1/1)

Altars:


Innate Abilities, Weirdness & Mutations

You cannot be hasted, slowed, berserked, paralysed or teleported.
You can dig through walls and to a lower floor.
You have a pair of large antennae on your head. (SInv)
Your four strong arms can wield two-handed weapons with a shield.


Message History

You start resting.
You see here a wolf corpse.
You start resting.
HP restored.
You open the door.
Found 22 gold pieces and 2 viscous yellow potions.
There is an open door here.
You now have 11 gold pieces.
h - 2 viscous yellow potions (gained 1);
j - a scroll labelled OSUNOS ERIAM
i - 2 scrolls labelled CONOHA MIAMMO (gained 1)
h - 3 viscous yellow potions (gained 1);
k - a potion of flight
h - 4 viscous yellow potions (gained 1);
l - a scroll labelled BOIM SIGHIVOD
i - 3 scrolls labelled CONOHA MIAMMO (gained 1)
h - 5 viscous yellow potions (gained 1);
k - 3 potions of flight (gained 2)
You now have 22 gold pieces (gained 11).
There is an open door here.
You start waiting.
Done waiting.
You open the door.
A water elemental comes into view.
You feel very mighty all of a sudden.
You closely miss the water elemental. You block the water elemental's attack.
You sock the water elemental!
The water elemental is moderately damaged.
The water elemental hits you!
The water elemental engulfs you in water!
You block the water elemental's attack.
You closely miss the water elemental.
The water elemental is moderately damaged.
Your lungs strain for air!
You block the water elemental's attack.
You sock the water elemental!
The water elemental is severely damaged.
Your lungs strain for air!
The water elemental hits you!
* * * LOW HITPOINT WARNING * * *
Okay, then.
You sock the water elemental!
The water elemental is almost destroyed.
You die...

▓▓▓▓▓▓▓▓ ▓▓▓ <..#...####
##.# ..).......#####..#
..##.......#..#..#{
##.##.##...#..#..# #+#+#
.##.###..##'#..#......
####.##..###..@E.⌠....
.###..##.†####...#...###
#.....##..###....# ⌠.#
###..##...##.....# .#
##..##....#.÷....# #
#..###..##.#.....# {{
#..# #.. ####....# ▓▓▓▓
▓▓▓ ▓▓▓▓▓▓ { { {


You could see a water elemental.

Vanquished Creatures
  Jessica (D)
  A human (D)
  A wolf (D)
  2 endoplasms (D)
  A rat (D)
6 creatures vanquished.

Notes
Turn   | Place    | Note
-------+----------+-------------------------------------------
     0 | D        | rocky1 the Formicid Fighter began the quest for the Orb.
     0 | D        | Reached XP level 1. HP: 18/18 MP: 1/1
     4 | D        | Noticed Jessica
    23 | D        | Killed Jessica
    24 | D        | Reached skill level 5 in Shields
    24 | D        | Reached XP level 2. HP: 7/26 MP: 2/2
    24 | D        | Reached XP level 3. HP: 8/31 MP: 3/3
   176 | D        | Reached skill level 5 in Fighting
   176 | D        | Reached skill level 5 in Armour
   176 | D        | Reached skill level 6 in Shields
   213 | D        | Reached XP level 4. HP: 19/39 MP: 4/4
   407 | D        | Noticed a water elemental
   413 | D        | Drowned by a water elemental

Illustrated notes

Levels and vault maps discovered:
D:        dungeon_sprint_mu [sprint_mu_entry_cave, sprint_mu_temple_rooms,
          sprint_mu_d1_spiders, sprint_mu_d2_genie, sprint_mu_d3_branching,
          sprint_mu_orc_legion, sprint_mu_elf_gauntlet, sprint_mu_hive_nellie,
          sprint_mu_lair_fedhas, sprint_mu_vaults_butterflies,
          sprint_mu_slime_circle, sprint_mu_swamp_cave, sprint_mu_snake_twists,
          sprint_mu_blade_basic, sprint_mu_crypt_chambers,
          sprint_mu_tomb_spiral, sprint_mu_vestibule_basic,
          sprint_mu_gehenna_hellfire, sprint_mu_dis_giant,
          sprint_mu_tartarus_statrot, sprint_mu_cocytus_islands, sprint_mu_zot1]

Skill      XL: |  1  2  3 |
---------------+----------+-----
Fighting       | 4 5 |  5.3
Armour         | 4 5 |  5.7
Shields        | 5 6 |  6.4
Maces & Flails | 3 |  3.4
Dodging        | |  0.1

Action                   |  1- 3 |  4- 6 || total
-------------------------+-------+-------++-------
Melee: Flail             |    29 |     5 ||    34
 Abil: Dig               |     1 |       ||     1
  Use: Potion            |       |     1 ||     1
Armor: Scale mail        |     6 |       ||     6
Dodge: Dodged            |    11 |       ||    11
Block: Buckler           |    12 |     3 ||    15

Table legend: (Time is in decaauts)
 A = Elapsed time spent in this place.
 B = Non-inter-level travel time spent in this place.
 C = Inter-level travel time spent in this place.
 D = Time resting spent in this place.
 E = Time spent auto-exploring this place.
 F = Levels seen in this place.
 G = Mean time per level.
                   A        B        C        D        E       F      G
               +--------+--------+--------+--------+--------+-----+--------+
         Total |    421 |    421 |      0 |    290 |      0 |   1 |  421.0 |
       Dungeon |    421 |    421 |      0 |    290 |      0 |   1 |  421.0 |
               +--------+--------+--------+--------+--------+-----+--------+

Top non-repeatable levels by time:
       D: 421 daAuts
